 Dungeon Crawl Stone Soup version 0.20.1-1-g8b1a95d (console) character file.

386 hilaritas the Magician (level 6, -2/32 HPs)
             Began as a Deep Elf Ice Elementalist on Sept 3, 2017.
             Killed from afar by hilaritas's ghost (18 damage)
             ... with a puff of frost
             ... on level 5 of the Dungeon.
             The game lasted 00:11:52 (4644 turns).

hilaritas the Magician (Deep Elf Ice Elementalist)  Turns: 4644, Time: 00:11:53

Health: -2/32      AC: 11    Str:  6    XL:     6   Next: 48%
Magic:  2/17       EV: 12    Int: 21    God:
Gold:   275        SH:  0    Dex: 15    Spells: 3/17 levels left

rFire    + . .     SeeInvis .   B - +1 spear (venom)
rCold    . . .     Gourm    .   (no shield)
rNeg     . . .     Faith    .   w - +1 leather armour {rF+}
rPois    .         Spirit   .   A - +0 helmet
rElec    .         Reflect  .   (no cloak)
rCorr    .         Harm     .   (no gloves)
MR       .....                  (no boots)
Stlth    ++........             (no amulet)
Regen    0.1/turn               (no ring)
MPRegen  0.2/turn               (no ring)

@: icy armour, slow
A: no striking features
a: no special abilities


You were on level 5 of the Dungeon.
You were not hungry.

You visited 1 branch of the dungeon, and saw 5 of its levels.
You also visited: Sewer.

You collected 275 gold pieces.

Inventory:

Hand Weapons
 f - a +2 mace of holy wrath
 B - a +1 spear of venom (weapon)
Missiles
 o - 166 stones (quivered)
Armour
 w - a +1 leather armour of fire resistance (worn)
 A - a +0 helmet (worn)
Jewellery
 r - an uncursed ring of fire
Wands
 v - a wand of confusion (32/48)
 z - a wand of iceblast (15/15)
Scrolls
 l - 4 scrolls of remove curse
 n - 2 scrolls of identify
 s - 2 scrolls of magic mapping
 u - a scroll of teleportation
Potions
 a - a potion of agility {unknown}
 d - a potion of lignification {unknown}
 e - 2 potions of degeneration {unknown}
 g - 2 potions of curing {unknown}
 h - 2 potions of berserk rage {unknown}
 j - 3 potions of heal wounds
 k - a potion of invisibility {unknown}
 p - 3 potions of haste {unknown}
 q - a potion of cancellation {unknown}
 t - a potion of might {unknown}
 C - 2 potions of brilliance {unknown}
Books
 b - a book of Frost

   Spells                             Type                      Level
   a - Freeze                         Ice                          1
   b - Throw Frost                    Conjuration/Ice              2
   c - Ozocubu's Armour               Charms/Ice                   3
   d - Throw Icicle                   Conjuration/Ice              4
   e - Summon Ice Beast               Ice/Summoning                4
Comestibles
 c - 3 bread rations
 i - a royal jelly
 m - 3 meat rations


   Skills:
 * Level 1.0 Armour
 - Level 2.4 Dodging
 - Level 2.4 Stealth
 - Level 6.4 Spellcasting
 * Level 2.8 Conjurations
 + Level 5.6 Ice Magic


You had 3 spell levels left.
You knew the following spells:

 Your Spells              Type           Power        Failure   Level  Hunger
a - Freeze                Ice            ####         1%          1    None
b - Throw Frost           Conj/Ice       ###...       3%          2    None
c - Ozocubu's Armour      Chrm/Ice       ###.....     14%         3    #......
d - Throw Icicle          Conj/Ice       ###.....     26%         4    ###....
e - Summon Ice Beast      Ice/Summ       ###.....     41%         4    ###....


Dungeon Overview and Level Annotations

Branches:
Dungeon (5/15)
 Temple: D:4-7

Altars:
Elyvilon
Fedhas
Qazlal
Ru
Yredelemnul

Shops:
D:5 *

Annotations:
D:4 exclusion: oklob plant
D:5 hilaritas's ghost, novice DEIE


Message History

A film of ice covers your body!
Attack whom?
Press: ? - help, Dir - move target cursor, f - hilaritas's ghost, p - phantom
Aim: hilaritas's ghost, wielding a weapon of electrocution You reach to attack!
You hit hilaritas's ghost but do no damage.
Attack whom?
Press: ? - help, Dir - move target cursor, f - phantom, p - hilaritas's ghost
Aim: a phantom (heavily damaged)
You reach to attack!
You barely miss the phantom.
The phantom is heavily damaged.
The phantom blinks!
Attack whom?
Press: ? - help, Dir - move target cursor, f - hilaritas's ghost
Aim: hilaritas's ghost, wielding a weapon of electrocution (translocational energy)
You reach to attack!
You closely miss hilaritas's ghost. Hilaritas's ghost casts a spell at you.
The puff of frost hits you!
Ouch! That really hurt!
You die...

##..........#....
##..............a
#.......<.§.∩.≈.#
#.###.......W...#
# #.........≈...#
#.#.#.#.......#
#.#.#.#W#..#... #
.<#.#.#..#...
...#.#@#..# ..
... #.#.# .# ...
.# .#.## ..#.# ##
... ... ...


You could see hilaritas's ghost.

Vanquished Creatures
  A crocodile (Sewer)
  A howler monkey (D:4)
  A crimson imp (D:4)
  An orc wizard (D:3)
  An orc priest (D:4)
  3 gnolls (D:3)
  7 adders
  4 worms
  A dart slug (D:2)
  2 leopard geckos
  6 orcs
  5 giant cockroaches
  2 goblins
  5 hobgoblins
  7 jackals (D:1)
  2 quokkas (D:2)
  2 ball pythons (D:2)
  15 bats
  5 frilled lizards
  3 kobolds
  10 rats
84 creatures vanquished.

Notes
Turn   | Place    | Note
-------+----------+-------------------------------------------
     0 | D:1      | hilaritas the Deep Elf Ice Elementalist began the quest for the Orb.
     0 | D:1      | Reached XP level 1. HP: 10/10 MP: 6/6
   225 | D:1      | Reached XP level 2. HP: 15/15 MP: 4/8
   233 | D:1      | Learned a level 2 spell: Throw Frost
  1057 | D:2      | Reached XP level 3. HP: 19/19 MP: 6/9
  1219 | D:2      | Learned a level 3 spell: Ozocubu's Armour
  1943 | D:3      | Reached skill level 5 in Ice Magic
  1960 | D:3      | Reached XP level 4. HP: 19/24 MP: 5/10
  2017 | D:3      | Found a basalt altar of Yredelemnul.
  2170 | D:3      | Found a sacrificial altar of Ru.
  2180 | D:3      | Reached skill level 4 in Spellcasting
  2334 | D:3      | Found a glowing drain.
  2348 | Sewer    | Entered a sewer
  2351 | Sewer    | Reached XP level 5. HP: 28/28 MP: 10/14
  2427 | Sewer    | Noticed a crocodile
  2435 | Sewer    | Killed a crocodile
  2435 | Sewer    | Reached skill level 5 in Spellcasting
  2705 | D:3      | Reached skill level 6 in Spellcasting
  3320 | D:4      | Learned a level 4 spell: Throw Icicle
  3334 | D:4      | Reached XP level 6. HP: 32/32 MP: 11/17
  3340 | D:4      | Learned a level 4 spell: Summon Ice Beast
  3645 | D:4      | Found a white marble altar of Elyvilon.
  3651 | D:4      | Found a stormy altar of Qazlal.
  4110 | D:4      | Found a blossoming altar of Fedhas.
  4123 | D:4      | Noticed an oklob plant
  4323 | D:4      | Reached skill level 1 in Armour
  4587 | D:5      | Entered Level 5 of the Dungeon
  4587 | D:5      | Found Futhois's Elemental Accessories.
  4628 | D:5      | Noticed hilaritas's ghost (novice DEIE)
  4628 | D:5      | HP: 1/32 [phantom (5)]
  4644 | D:5      | Killed from afar by hilaritas's ghost

Skill      XL: |  1  2  3  4  5  6 |
---------------+-------------------+-----
Ice Magic      | 4 5 |  5.6
Conjurations   | 2 |  2.8
Spellcasting   | 4 6 |  6.4
Armour         | 1 |  1.0
Dodging        | |  2.4
Stealth        | |  2.4

Action                   |  1- 3 |  4- 6 || total
-------------------------+-------+-------++-------
Melee: Mace              |     7 |     2 ||     9
       Spear             |       |    26 ||    26
 Cast: Freeze            |    72 |    60 ||   132
       Throw Frost       |       |    33 ||    33
       Ozocubu's Armour  |       |     5 ||     5
  Use: Scroll            |       |    10 ||    10
       Potion            |       |     1 ||     1
  Eat: Chunk             |     3 |     6 ||     9
       Royal jelly       |       |     1 ||     1
Armor: Robe              |     6 |     8 ||    14
       Leather armour    |       |     9 ||     9
Dodge: Dodged            |    42 |    27 ||    69
